 Dungeon Crawl Stone Soup version 0.27-a0-1500-g450c7e4133 (webtiles) character file.

Game seed: 16320269731132842729

119 garrulousMonolith the Digger (level 5, -5/29 HPs)
             Began as a Gargoyle Earth Elementalist on July 8, 2021.
             Killed from afar by an orc wizard (12 damage)
             ... with a puff of flame
             ... on level 3 of the Dungeon.
             The game lasted 00:04:51 (2946 turns).

garrulousMonolith the Digger (GrEE)                 Turns: 2946, Time: 00:04:51

Health: -5/29      AC:  9    Str: 13    XL:     5   Next: 3%
Magic:  1/8        EV: 11    Int: 17    God:
Gold:   70         SH:  0    Dex: 10    Spells: 2/8 levels left

rFire    . . .     SeeInvis .   d - +0 dagger
rCold    . . .     Faith    .   (no shield)
rNeg     + . .     Spirit   .   j - +0 leather armour
rPois    ∞         Reflect  .   (helmet restricted)
rElec    +         Harm     .   (no cloak)
rCorr    .         Rampage  .   (no gloves)
Will     .....                  (no boots)
Stlth    ++........             (no amulet)
HPRegen  0.09/turn              (no ring)
MPRegen  0.11/turn              (no ring)

@: unable to read
A: sickness immunity, AC +4, negative energy resistance 1, electricity
resistance, torment resistance 1, petrification resistance, horns 1, iridescent
scales 1, strong 1, inability to read while threatened
a: no special abilities


You were on level 3 of the Dungeon.
You visited 1 branch of the dungeon, and saw 3 of its levels.

You collected 70 gold pieces.

Inventory:

Hand Weapons
 d - a +0 dagger (weapon)
Missiles
 c - 22 stones
 l - a throwing net
 m - 11 poisoned darts
Armour
 j - a +0 leather armour (worn)
Scrolls
 b - 2 scrolls of immolation {unknown}
 f - 2 scrolls of vulnerability {unknown}
 i - a scroll of enchant armour {unknown}
 k - 2 scrolls of teleportation {unknown}
 n - a scroll of silence {unknown}
 o - a scroll of amnesia {unknown}
Potions
 a - 2 potions of lignification {unknown}
 e - 2 potions of mutation
 g - a potion of curing {unknown}
 h - 2 potions of heal wounds {unknown}


   Skills:
 + Level 1.4 Fighting
 + Level 2.0 Dodging
 - Level 2.1 Stealth
 + Level 2.4 Spellcasting
 * Level 2.5 Conjurations
 - Level 0.7 Transmutations
 * Level 4.7 Earth Magic


You had 2 spell levels left.
You knew the following spells:

 Your Spells              Type           Power      Damage    Failure   Level
a - Sandblast             Erth           36%        2d10      3%          1
b - Passwall              Tmut/Erth      9%         N/A       12%         2
c - Stone Arrow           Conj/Erth      28%        3d8       16%         3

Your spell library contained the following spells:

 Spells                   Type           Power      Damage    Failure   Level
 Tukima's Dance           Hex            2%         N/A       56%         3
 Petrify                  Tmut/Erth      11%        N/A       58%         4
 Passage of Golubria      Tloc           N/A        N/A       93%         4
 Yara's Violent Unravell  Hex/Tmut       1%         3d3       99%         5


Dungeon Overview and Level Annotations

Branches:
Dungeon (3/15)

Altars:


Innate Abilities, Weirdness & Mutations

You are immune to sickness and miasma.
Your stone body is resilient. (AC +4)
You are immune to poison.
You resist negative energy. (rN+)
You are resistant to electric shocks. (rElec)
You are resistant to unholy torment.
You are immune to petrification.
You have a pair of small horns on your head.
You are partially covered in iridescent scales. (AC +2)
Your muscles are strong. (Str +2)
You sometimes lose the ability to read scrolls when taking damage.


Message History

Press: ? - help, Shift-Dir - straight line, f/p - orc wizard
Aim: an orc wizard, wielding a +0 dagger and wearing a +0 robe (almost dead, 74% to hit)
The blast of sand hits the orc wizard.
The orc wizard is almost dead.
The orc wizard hits you but does no damage.
Casting: Sandblast (safe; 3% risk of failure)
Confirm with . or Enter, or press ? or * to list all spells.
You don't have enough magic to cast this spell.
You hit the orc wizard but do no damage.
The orc wizard is almost dead.
The orc wizard hits you but does no damage.
You closely miss the orc wizard.
The orc wizard is almost dead.
The orc wizard misses you.
You barely miss the orc wizard.
The orc wizard is almost dead.
The orc wizard barely misses you.
You completely miss the orc wizard.
The orc wizard is almost dead.
The orc wizard hits you with a +0 dagger.
You feel threatened and lose the ability to read scrolls!
You barely miss the orc wizard.
The orc wizard is almost dead.
The orc wizard closely misses you.
You closely miss the orc wizard. Your headbutt misses the orc wizard.
The orc wizard is almost dead.
You can read scrolls again.
The orc wizard hits you but does no damage.
You hit the orc wizard but do no damage.
The orc wizard is almost dead.
The orc wizard gestures at you while chanting.
The puff of flame hits you.
You feel threatened and lose the ability to read scrolls!
* * * LOW HITPOINT WARNING * * *
You closely miss the orc wizard.
You headbutt the orc wizard, but do no damage.
The orc wizard is almost dead.
The orc wizard casts a spell at you. The puff of flame hits you!
You die...

#...##### ### ######.#
#...##.<# #. #.# #...#...#
#. ######.## #...#..## .#
#.......# ....†##### ..
#.#####.# .........## #.
#.# #.# ..♣.......# #. #.#
#.# ..........#####.###.#
#.#
.....###........@o..#####.#
#...#'.##.#####.##........#
#...#...#.# #. #)#.#.####
#...##.<# # #. #.#.#.# #...
#### #. #)#.#.# ####
..#).....# ....)....#
###.....## ##.#.##


You could see an orc wizard.

Vanquished Creatures
  An orc wizard (D:3)
  3 adders (D:2)
  A worm (D:2)
  4 dart slugs
  5 orcs
  2 ball pythons (D:2)
  4 bats
  7 endoplasms
  A giant cockroach (D:2)
  3 goblins
  2 hobgoblins (D:2)
  5 jackals
  2 quokkas (D:2)
  5 frilled lizards
  3 kobolds
  3 rats
51 creatures vanquished.

Notes
Turn   | Place    | Note
-------+----------+-------------------------------------------
     0 | D:1      | garrulousMonolith the Gargoyle Earth Elementalist began the
                  | quest for the Orb.
     0 | D:1      | Reached XP level 1. HP: 10/10 MP: 3/3
   556 | D:1      | Reached XP level 2. HP: 15/15 MP: 3/5
   585 | D:1      | Learned a level 2 spell: Passwall
   621 | D:1      | Reached skill level 1 in Conjurations
  1280 | D:2      | Reached skill level 4 in Earth Magic
  1340 | D:2      | Reached XP level 3. HP: 20/20 MP: 2/6
  1344 | D:2      | Learned a level 3 spell: Stone Arrow
  1954 | D:2      | Reached skill level 1 in Fighting
  2145 | D:2      | Reached XP level 4. HP: 23/25 MP: 1/7
  2158 | D:2      | Noticed a cacodemon
  2159 | D:2      | Found a faded altar of an unknown god.
  2913 | D:3      | Reached XP level 5. HP: 26/29 MP: 4/8
  2931 | D:3      | Gained mutation: You are partially covered in iridescent
                  | scales. (AC +2) [potion of mutation]
  2931 | D:3      | Gained mutation: You sometimes lose the ability to read
                  | scrolls when taking damage. [potion of mutation]
  2931 | D:3      | Gained mutation: Your muscles are strong. (Str +2) [potion
                  | of mutation]
  2931 | D:3      | Gained mutation: You have a pair of small horns on your
                  | head. [potion of mutation]
  2946 | D:3      | Killed from afar by an orc wizard

Illustrated notes

Levels and vault maps discovered:
D:1:      scummos_arrival_forest, layout_basic, minmay_vboxes
D:2:      layout_loops_corners, dreamdust_ecumenical_altar_sealed_demon,
          chequers_jeans, minivault_19
D:3:      layout_loops_ring, lemuel_tele_altar, grunt_ministairs_6

Skill      XL: |  1  2  3  4 |
---------------+-------------+-----
Conjurations   | 1 2 |  2.5
Earth Magic    | 4 |  4.7
Fighting       | 1 |  1.4
Dodging        | 2 |  2.0
Stealth        | |  2.1
Spellcasting   | |  2.4
Transmutations | |  0.7

Action                   |  1- 3 |  4- 6 || total
-------------------------+-------+-------++-------
Melee: Dagger            |    17 |    28 ||    45
       Headbutt          |       |     1 ||     1
 Cast: Sandblast         |    53 |    34 ||    87
  Use: Potion            |       |     1 ||     1
Armor: Robe              |     5 |       ||     5
       Leather armour    |    11 |    12 ||    23
Dodge: Dodged            |    19 |    32 ||    51

Table legend: (Time is in decaauts)
 A = Elapsed time spent in this place.
 B = Non-inter-level travel time spent in this place.
 C = Inter-level travel time spent in this place.
 D = Time resting spent in this place.
 E = Time spent auto-exploring this place.
 F = Levels seen in this place.
 G = Mean time per level.
                   A        B        C        D        E       F      G
               +--------+--------+--------+--------+--------+-----+--------+
         Total |   2947 |   2889 |     58 |    521 |   1989 |   3 |  982.3 |
       Dungeon |   2947 |   2889 |     58 |    521 |   1989 |   3 |  982.3 |
               +--------+--------+--------+--------+--------+-----+--------+

Top non-repeatable levels by time:
     D:2: 1495 daAuts
     D:1: 1194 daAuts
     D:3: 256 daAuts
